Map: Orbital Shipyard

Players

Grumm

  • Race: Protoss Protoss
  • League: Gold

Electron - Winner!

  • Race: Terran Terran
  • League: Platinum

VOD

Have the link to the VOD?

Description

Time

  • Played on: Feb. 3, 2016, 12:56 a.m.
  • Length: 8:51
Show
View Real Time Build Order
Export as new Build Order

Grumm Protoss 

Build Orders:  

Get SALT Encoding   

  12  0:01  Probe (Chrono Boost)  
  13  0:11  Probe (Chrono Boost)  
  14  0:20  Pylon  
  14  0:22  Probe (Chrono Boost)  
  15  0:38  Probe (Chrono Boost)  
  15  0:39  Gateway  
  16  0:49  Probe (Chrono Boost)  
  17  0:55  Assimilator  
  17  0:59  Probe (Chrono Boost)  
  17  1:00  Pylon  
  18  1:10  Probe (Chrono Boost)  
  19  1:27  Cybernetics Core  
  19  1:29  Probe (Chrono Boost)  
  20  1:47  Probe (Chrono Boost)  
  20  1:48  Zealot  
  23  2:06  Nexus, Warp Gate  
  23  2:11  Probe (Chrono Boost)  
  23  2:12  Gateway  
  24  2:21  Pylon  
  24  2:32  Adept  
  26  2:54  Forge  
  26  2:58  Gateway  
  26  3:01  Pylon  
  26  3:08  Probe (Chrono Boost)  
  26  3:10  Stalker  
  26  3:11  Stalker  
  31  3:15  Assimilator  
  31  3:28  Mothership Core (Chrono Boost)  
  31  3:37  Photon Cannon  
  30  3:51  Protoss Ground Armor Level 1 (Chrono Boost)  
  30  3:53  Probe x2 (Chrono Boost)  
  32  4:03  Probe x2 (Chrono Boost)  
  31  4:29  Probe (Chrono Boost)  
  31  4:30  Probe (Chrono Boost)  
  32  4:31  Stalker  
  32  4:32  Stalker x2  
  38  5:06  Nexus  
  38  5:09  Probe x2 (Chrono Boost)  
  40  5:15  Pylon  
  40  5:18  Probe (Chrono Boost)  
  41  5:28  Adept  
  41  5:30  Sentry  
  45  5:44  Protoss Ground Weapons Level 1 (Chrono Boost)  
  39  6:27  Stalker x3  
  23  6:46  Photon Cannon  
  23  6:53  Photon Cannon  
  23  6:58  Robotics Facility  
  21  7:18  Probe  
  21  7:19  Probe  
  21  7:20  Probe  
  24  7:29  Probe x2  
  24  7:32  Probe  
  27  7:39  Probe  
  27  7:40  Probe  
  27  7:44  Probe  
  27  7:50  Probe x2  
  28  7:54  Adept  
  28  7:55  Adept  
  28  7:56  Probe  
  28  7:58  Observer  
  36  7:59  Zealot  
  38  8:15  Photon Cannon  
  38  8:19  Photon Cannon  
  34  8:28  Stalker x2  
  34  8:30  Stalker  
Show
View Real Time Build Order
Export as new Build Order

Electron Terran - Winner!

Build Orders: MMM Bio 

Get SALT Encoding   

  12  0:01  SCV  
  13  0:13  SCV  
  14  0:18  Supply Depot  
  14  0:25  SCV  
  15  0:29  Refinery  
  15  0:39  SCV  
  16  0:46  Barracks  
  16  0:51  SCV  
  17  1:03  SCV  
  18  1:15  SCV  
  19  1:23  Engineering Bay  
  19  1:28  SCV  
  20  1:51  Command Center  
  20  2:00  Barracks Reactor  
  20  2:03  SCV  
  20  2:06  Supply Depot  
  21  2:15  SCV  
  22  2:20  Factory  
  22  2:27  SCV  
  23  2:30  Bunker  
  23  2:36  Reaper x2  
  25  2:50  SCV  
  26  3:02  SCV  
  26  3:11  Marine x2  
  29  3:13  Orbital Command  
  29  3:15  Orbital Command  
  29  3:16  Factory Reactor  
  28  3:21  Refinery  
  28  3:36  Marine x2  
  30  3:50  SCV  
  30  3:51  SCV  
  30  3:53  Marine  
  30  3:54  Marine  
  34  3:56  Starport  
  34  3:59  Barracks  
  34  4:03  SCV  
  34  4:29  Marine x2  
  34  4:30  SCV x2  
  37  4:33  Widow Mine x2  
  37  4:34  Medivac  
  43  4:39  Supply Depot  
  43  4:42  Engineering Bay  
  43  4:45  SCV  
  43  4:46  SCV  
  43  4:47  Supply Depot, Marine  
  46  4:55  Barracks Tech Lab  
  46  5:01  Marine, SCV  
  46  5:02  Widow Mine x2  
  46  5:03  SCV  
  53  5:10  Marine  
  53  5:11  Supply Depot  
  53  5:13  SCV  
  55  5:15  SCV  
  55  5:16  Stimpack  
  55  5:19  Marine  
  55  5:21  Barracks  
  57  5:25  SCV  
  57  5:27  SCV  
  59  5:34  Supply Depot  
  59  5:35  Marine  
  59  5:36  Marauder  
  59  5:37  SCV  
  64  5:43  Medivac  
  63  5:50  Marine  
  63  5:55  Widow Mine  
  63  5:56  Widow Mine  
  63  5:57  Marine  
  60  6:07  Marine  
  60  6:10  SCV x2  
  62  6:14  Marine  
  56  6:25  Marine  
  51  6:33  Marauder  
  48  6:40  Bunker  
  48  6:43  Marine  
  46  6:54  Marauder  
  46  6:57  SCV x2  
  46  7:01  Marine  
  51  7:09  SCV  
  50  7:16  Marauder  
  50  7:17  Combat Shields  
  50  7:19  Marine  
  53  7:23  Barracks  
  53  7:32  Supply Depot  
  53  7:34  SCV x2  
  53  7:37  Marauder, Marine  
  57  7:43  Barracks Reactor  
  58  7:46  SCV  
  58  7:47  SCV  
  60  7:54  Supply Depot, Marine  
  60  7:58  Medivac, SCV  
  63  7:59  Command Center, SCV  
  63  8:03  Marauder  
  67  8:11  SCV x2  
  67  8:12  Marine  
  70  8:23  Marine  
  66  8:30  Marine  
  63  8:47  Barracks Tech Lab  
  67  8:50  Barracks Tech Lab  
Tags
 
Add a new tag
Caveats
  • Supply blocks, unpowered buildings, or Contaminate may cause inaccurate times.
  • Supply counts are checked every 10 seconds.